 Dungeon Crawl Stone Soup version 0.30.1-11-g7821555f0a (webtiles) character file.

Game seed: 14266378509103417316

24668 Zonian the Jinx (level 12, 0/53 (59) HPs)
             Began as a Deep Elf Hedge Wizard on Nov 13, 2023.
             Was an Initiate of Gozag.
             Killed from afar by Josephine (33 damage)
             ... with a ghostly fireball
             ... on level 5 of the Lair of Beasts on Nov 14, 2023.
             The game lasted 01:52:44 (28007 turns).

Zonian the Jinx (Deep Elf Hedge Wizard)            Turns: 28007, Time: 01:52:59

HP:   0/53 (59)     AC:  7    Str: 10    XL:     12   Next: 82%
MP:   25/27         EV: 15    Int: 29    God:    Gozag
Gold: 1804          SH:  0    Dex: 14    Spells: 11/29 levels left

rFire   . . .        v - +9 dagger "Ryiw" {heavy, rElec rPois Str+3 Int+4}
rCold   + + .        (no shield)
rNeg    . . .        D - +2 robe {Will+}
rPois   +            O - +2 helmet
rElec   +            c - scarf {rC+ rF+}
rCorr   .            (no gloves)
SInv    .            (no boots)
Will    ++...        m - amulet of regeneration
Stlth   ++++         E - ring "Tezekhle" {Fly rElec}
HPRegen 1.08/turn    z - ring of ice
MPRegen 0.20/turn

%: no passive effects
@: about to teleport, flying, heavily drained
A: no striking features
a: Renounce Religion, Potion Petition, Call Merchant, Bribe Branch


You were on level 5 of the Lair of Beasts.
You worshipped Gozag.
Gozag was most pleased with you.
You visited 2 branches of the dungeon, and saw 14 of its levels.

You collected 2826 gold pieces.
You spent 531 gold pieces at shops.
You paid 491 gold pieces to Gozag.

Inventory:

Hand Weapons
 g - a +3 demon blade of electrocution
 h - a +2 short sword of chaos
 l - a +5 dagger
 o - a +1 dagger of venom
 v - the +9 dagger "Ryiw" (weapon) {heavy, rElec rPois Str+3 Int+4}
   (You found it on level 7 of the Dungeon)

   Str:       It affects your strength (+3).
   Int:       It affects your intelligence (+4).
   rElec:     It insulates you from electricity.
   rPois:     It protects you from poison.
 H - a +1 scimitar of flaming
Missiles
 e - a throwing net
 j - 7 poisoned darts
Armour
 c - a scarf of resistance (worn)
 D - a +2 robe of willpower (worn)
 I - a +2 cloak of willpower
 O - a +2 helmet (worn)
Jewellery
 d - an amulet of faith
 i - an amulet of guardian spirit
 m - an amulet of regeneration (around neck)
 n - a ring of see invisible
 z - a ring of ice (right hand)
 A - a +6 ring of strength
 E - the ring "Tezekhle" (left hand) {Fly rElec}
   (You found it on level 1 of the Lair of Beasts)

   [ring of flight]

   rElec:     It insulates you from electricity.
   Fly:       It grants you flight.
Wands
 p - a wand of charming (3)
Scrolls
 a - 2 scrolls of fog
 b - 4 scrolls of identify
 r - 4 scrolls of blinking
 s - 2 scrolls of teleportation
 y - a scroll of poison
 B - a scroll of fear
 C - a scroll of torment
 F - a scroll of enchant armour
Potions
 f - a potion of flight
 k - 3 potions of ambrosia
 q - a potion of berserk rage
 t - 3 potions of magic
 u - 2 potions of lignification
 w - 2 potions of haste
 x - 5 potions of curing
 G - 4 potions of might
 K - a potion of invisibility
Miscellaneous
 M - a tin of tremorstones (2/2)


   Skills:
 - Level 8.9(9.0) Short Blades
 + Level 1.7(5.4) Long Blades
 - Level 7.8 Dodging
 + Level 9.1 Stealth
 - Level 9.1 Spellcasting
 - Level 6.8 Conjurations
 + Level 10.2 Hexes
 + Level 6.6 Summonings
 + Level 7.5 Necromancy
 - Level 6.7 Translocations
 - Level 6.0 Air Magic
 - Level 6.0 Poison Magic


You had 11 spell levels left.
You knew the following spells:

 Your Spells              Type           Power      Damage    Failure   Level
a - Magic Dart            Conj           100%       1d8       1%          1
b - Blink                 Tloc           100%       N/A       1%          2
c - Call Imp              Summ           100%       N/A       1%          2
d - Slow                  Hex            100%       N/A       1%          1
e - Call Canine Familiar  Summ           51%        N/A       1%          3
f - Mephitic Cloud        Conj/Pois/Air  49%        N/A       1%          3
g - Confusing Touch       Hex            64%        N/A       1%          3
h - Vampiric Draining     Necr           54%        2d9       1%          3

Your spell library contained the following spells:

 Spells                   Type           Power      Damage    Failure   Level
 Summon Small Mammal      Summ           100%       N/A       1%          1
 Cigotuvi's Dreadful Rot  Necr/Pois/Air  100%       N/A       1%          2
 Sublimation of Blood     Necr           54%        N/A       1%          2
 Summon Guardian Golem    Hex/Summ       58%        N/A       1%          3
 Dispel Undead            Necr           54%        3d20      1%          4
 Passage of Golubria      Tloc           51%        N/A       2%          4
 Silence                  Hex/Air        28%        N/A       4%          5
 Wereblood                Tmut           13%        N/A       6%          2
 Death Channel            Necr           27%        N/A       28%         6
 Summon Hydra             Summ           25%        N/A       92%         7
 Lehudib's Crystal Spear  Conj/Erth      16%        10d5      100%        8


Dungeon Overview and Level Annotations

Branches:
Dungeon (9/15)             Temple (0/1) D:7            Lair (5/5) D:9
  Swamp (0/4) Lair:2       Spider (0/4) Lair:2
  Slime: Lair:4-5       Orc: D:9-12

Altars:
Dithmenos
Gozag
Trog
Uskayaw
Wu Jian
Xom
Yredelemnul

Shops:
D:1 *   D:5 :   D:7 *

Annotations:
Lair:1 exclusion: 2 oklob plants
Lair:5 1 runed translucent door, Josephine


Message History

You hear a trumpeting! x2
Unknown command.
Casting: Confusing Touch (safe; 1% risk of failure)
Confirm with . or Enter, or press ? or * to list all spells.
Aiming: Mephitic Cloud (safe; 1% risk of failure)
Press: ? - help, Shift-Dir - straight line, f - Josephine
Aim: Josephine, wielding a +0 dagger and wearing a +2 robe of the Archmagi (chance to affect: 53%)
The ball explodes into a vile cloud!
The stinking cloud engulfs Josephine but does no damage.
You hear a deafening roar!
You hear a trumpeting!
You hear an angry hiss.
You hear a loud, deep croak!
Josephine is engulfed in noxious fumes.
Josephine appears confused.
A wraith comes into view.
Okay, then.
A wraith comes into view.
Josephine ponders the situation.
Josephine misses you.
You hit Josephine.
Josephine is lightly wounded.
Unknown command.
You hit Josephine.
Josephine is lightly wounded.
Josephine ponders the situation.
Josephine closely misses you.
You puncture Josephine!
Josephine is moderately wounded.
Josephine hits you with a +0 dagger.
You barely miss Josephine.
Josephine is lightly wounded.
Josephine seems less confused.
Josephine hits you with a +0 dagger!
An elephant comes into view.
As you read the scroll of teleportation, it crumbles to dust.
You feel strangely unstable.
A wraith comes into view.
Josephine points at you and mumbles some strange words.
The ghostly flame explodes!
The ghostly fireball engulfs you!!
You feel drained.
Ouch! That really hurt!
You die...
Your body crumbles into a pile of gold.

#P### ########## #...##.# #
#...####..#P.#..# ##P..###
................# #+#⌠^.##
...##...........# $$###...#
.######.........# $.$$ ##..##
...####.........# #$$$$$
##..### .....#..........###$($$
#....# ..............)..###$$
#####..## ....##..........@#
##..#P.##
.....#...........@.#####.#...##
...##............○W##...#.....#
#####...........°.°.#.....P.P.#
..............W..##...P###
...................#..#
...............Y...####
...........W........##
.................


You could see Josephine, an elephant (wandering) and 3 wraiths.

Vanquished Creatures
  2 hydras (Lair:4)
  2 boulder beetles
  Erica (D:9)
  A skyshark (Lair:4)
  6 elephants
  3 black mambas
  3 cane toads
  Maggie (Lair:2)
  2 torpor snails (Lair:5)
  2 rime drakes
  3 komodo dragons
  A troll (D:9)
  A hornet (Lair:5)
  4 polar bears
  6 blink frogs (Lair:5)
  Prince Ribbit (D:5)
  A jumping spider (Lair:2)
  A wraith (D:9)
  9 yaks
  3 wyverns
  A steam dragon (Lair:2)
  Eustachio (D:4)
  2 basilisks (Lair:2)
  Menkaure (D:4)
  2 swamp worms (Lair:2)
  9 water moccasins
  9 wolves
  An ogre (D:6)
  5 centaurs
  2 phantoms (D:6)
  A kobold brigand (D:6)
  10 bullfrogs
  2 gnoll sergeants
  4 scorpions
  5 wights
  A jelly (D:5)
  3 hounds
  5 orc priests
  3 iguanas
  A sleepcap (D:7)
  7 orc wizards
  6 hell rats (Lair:3)
  6 adders
  11 gnolls
  3 shadow imps
  3 white imps
  An ufetubus (D:6)
  3 dart slugs
  21 orcs
  8 endoplasms
  A giant cockroach (D:2)
  12 goblins
  8 hobgoblins
  2 jackals (D:3)
  10 kobolds
  3 quokkas
  3 ball pythons
  4 bats
  2 frilled lizards
  7 rats
242 creatures vanquished.

Vanquished Creatures (collateral kills)
  A bog body (Lair:2)
  An elephant (Lair:3)
  3 cane toads
  A troll (D:9)
  A hornet (Lair:5)
  A wyvern (D:9)
  A vampire (D:9)
  8 yaks
  Grum (D:9)
  A water moccasin (Lair:3)
  A black bear (Lair:1)
  2 ice beasts
  An ogre (D:6)
  3 wolves (Lair:3)
  A centaur (D:5)
  A phantom (D:5)
  2 bullfrogs
  3 wights (D:9)
  An electric eel (Lair:2)
  2 iguanas (D:4)
  A sleepcap (D:6)
  2 orc wizards (D:5)
  A hell rat (Lair:3)
  A gnoll (D:5)
  An adder (D:5)
  2 shadow imps (D:5)
  An orc (D:5)
45 creatures vanquished.

Grand Total: 287 creatures vanquished

Notes
Turn   | Place    | Note
-------+----------+-------------------------------------------
     0 | D:1      | Zonian the Deep Elf Hedge Wizard began the quest for the
                  | Orb.
     0 | D:1      | Reached XP level 1. HP: 10/10 MP: 7/7
   219 | D:1      | Reached XP level 2. HP: 7/15 MP: 9/9
  1343 | D:1      | Found a faded altar of an unknown god.
  1523 | D:1      | Found Wix Ysoo's General Store.
  1527 | D:1      | Bought a potion of curing for 30 gold pieces
  1557 | D:1      | Reached XP level 3. HP: 14/19 MP: 8/11
  2112 | D:2      | Learned a level 2 spell: Blink
  2115 | D:2      | Learned a level 2 spell: Call Imp
  2117 | D:2      | Learned a level 1 spell: Slow
  2632 | D:2      | Reached XP level 4. HP: 24/24 MP: 9/12
  3599 | D:3      | You fall into a shaft and drop 3 floors!
  3601 | D:6      | Noticed a phantom
  3637 | D:6      | Killed a phantom
  3638 | D:6      | Reached skill level 5 in Spellcasting
  3638 | D:6      | Reached XP level 5. HP: 23/28 MP: 5/14
  3837 | D:5      | Entered Level 5 of the Dungeon
  3837 | D:5      | Noticed a centaur
  3871 | D:6      | Noticed a steam dragon
  4067 | D:6      | Noticed a centaur
  5924 | D:3      | Found a shimmering altar of Xom.
  5924 | D:3      | Found an opulent altar of Gozag.
  5925 | D:3      | Found a hide-covered altar of Uskayaw.
  5938 | D:3      | Became a worshipper of Gozag Ym Sagoz the Greedy
  6074 | D:4      | HP: 1/28 [orc priest/divine providence (11)]
  6086 | D:4      | Reached XP level 6. HP: 20/32 MP: 1/16
  6429 | D:4      | Found a shadowy altar of Dithmenos.
  7080 | D:4      | Noticed Eustachio
  7401 | D:4      | Learned a level 3 spell: Call Canine Familiar
  7639 | D:4      | Noticed Menkaure
  7657 | D:4      | Killed Menkaure
  7658 | D:4      | Reached skill level 5 in Stealth
  7658 | D:4      | Reached XP level 7. HP: 8/36 MP: 2/18
  8246 | D:4      | Killed Eustachio
  8247 | D:4      | Reached skill level 5 in Dodging
  8367 | D:5      | Found Kiplyugh's Vocational Training.
  8765 | D:5      | Reached XP level 8. HP: 35/41 MP: 8/20
  9346 | D:5      | Noticed Prince Ribbit
  9423 | D:5      | Killed Prince Ribbit
  9887 | D:5      | Reached skill level 5 in Conjurations
  9894 | D:5      | Found a bloodstained altar of Trog.
  9937 | D:5      | Reached skill level 5 in Translocations
 11512 | D:6      | Reached XP level 9. HP: 25/41 MP: 10/22
 12309 | D:6      | Learned a level 3 spell: Mephitic Cloud
 12886 | D:6      | HP: 2/45 [centaur/+0 hand axe (2)]
 13378 | D:7      | Found Lolieli's General Store.
 13383 | D:7      | Found a staircase to the Ecumenical Temple.
 13386 | D:7      | Bought a scroll of teleportation for 36 gold pieces
 13386 | D:7      | Bought a scroll of blinking for 90 gold pieces
 13448 | D:7      | Found a basalt altar of Yredelemnul.
 13642 | D:7      | Reached skill level 5 in Summonings
 13812 | D:7      | Reached skill level 1 in Hexes
 14259 | D:7      | Reached skill level 1 in Poison Magic
 14477 | D:7      | Identified the +9 dagger "Ryiw" {heavy, rElec rPois Str+3
                  | Int+4}
 14601 | D:7      | Reached skill level 1 in Air Magic
 15235 | D:8      | Reached skill level 1 in Short Blades
 15393 | D:8      | Identified the +3 chain mail "Bocarek" {rF+ rN++ SInv}
 15465 | D:8      | Reached skill level 2 in Hexes
 15737 | D:9      | Noticed a troll
 16388 | D:9      | Noticed Erica
 16419 | D:9      | Reached XP level 10. HP: 50/50 MP: 22/24
 16862 | D:9      | Noticed Grum
 16883 | D:9      | Killed Grum
 16911 | D:9      | Reached skill level 3 in Hexes
 17379 | D:9      | Found a staircase to the Lair.
 17730 | D:9      | Learned a level 3 spell: Confusing Touch
 17739 | D:9      | Found an ornate altar of the Wu Jian Council.
 17905 | D:9      | Killed Erica
 18597 | D:1      | Bought a potion of curing for 30 gold pieces
 18597 | D:1      | Bought a +2 cloak of willpower for 215 gold pieces
 18607 | D:1      | Bought a potion of heal wounds for 50 gold pieces
 18607 | D:1      | Bought a potion of invisibility for 80 gold pieces
 18815 | Lair:1   | Entered Level 1 of the Lair of Beasts
 18852 | Lair:1   | Noticed a black mamba
 18858 | Lair:1   | Killed a black mamba
 18859 | Lair:1   | Reached skill level 4 in Hexes
 19339 | Lair:1   | You fall into a shaft and drop 1 floor!
 19363 | Lair:2   | Found a hole to the Spider Nest.
 19489 | Lair:2   | Reached skill level 5 in Short Blades
 19535 | Lair:2   | Noticed a boulder beetle
 19544 | Lair:2   | Noticed a cane toad
 19553 | Lair:2   | Killed a cane toad
 19574 | Lair:2   | Killed a boulder beetle
 19575 | Lair:2   | Reached skill level 1 in Long Blades
 19575 | Lair:2   | Reached XP level 11. HP: 50/54 MP: 13/26
 20025 | Lair:1   | Identified the ring "Tezekhle" {Fly rElec}
 20928 | Lair:1   | Noticed an oklob plant
 21239 | Lair:1   | Noticed an oklob plant
 21242 | Lair:1   | Paralysed by a floating eye for 4 turns
 22228 | Lair:2   | Noticed a bog body
 22258 | Lair:2   | Killed a bog body
 22506 | Lair:2   | Noticed Maggie
 22520 | Lair:2   | Killed Maggie
 22521 | Lair:2   | Reached skill level 5 in Hexes
 22521 | Lair:2   | Reached skill level 5 in Poison Magic
 22998 | Lair:2   | Found a staircase to the Swamp.
 23352 | Lair:3   | Reached skill level 5 in Air Magic
 23426 | Lair:3   | Learned a level 3 spell: Vampiric Draining
 23540 | Lair:3   | Reached skill level 6 in Hexes
 23686 | Lair:3   | Reached skill level 1 in Necromancy
 23699 | Lair:3   | Reached XP level 12. HP: 59/59 MP: 16/27
 25004 | Lair:4   | Noticed a boulder beetle
 25067 | Lair:4   | Noticed a six-headed hydra
 25188 | Lair:4   | Reached skill level 7 in Hexes
 25201 | Lair:4   | Killed a boulder beetle
 25607 | Lair:4   | Reached skill level 8 in Hexes
 25817 | Lair:4   | Noticed an eight-headed hydra
 25821 | Lair:4   | Killed an eight-headed hydra
 25822 | Lair:4   | Reached skill level 5 in Necromancy
 26244 | Lair:4   | Killed a six-headed hydra
 26601 | Lair:4   | Reached skill level 9 in Hexes
 27019 | Lair:5   | Entered Level 5 of the Lair of Beasts
 27025 | Lair:5   | Noticed a catoblepas
 27029 | Lair:5   | Noticed a boulder beetle
 27295 | Lair:5   | Found a runed translucent door.
 27296 | Lair:5   | Noticed an ice dragon
 27627 | Lair:5   | Reached skill level 10 in Hexes
 27998 | Lair:5   | Noticed Josephine
 28007 | Lair:5   | Killed from afar by Josephine

Illustrated notes

Levels and vault maps discovered:
D:1:      giann_forest_graveyard, layout_loops_ring,
          ebering_ecumenical_altar_box, serial_shops, shop,
          kennysheep_nondescript
D:2:      layout_loops_ring
D:3:      layout_loops_ring, chequers_temple_overflow_statue_of_worship
D:4:      layout_basic, nicolae_dithmenos_the_darkroom, grunt_ministairs_14,
          st_stairs_10, uniq_menkaure, uniq_eustachio
D:5:      layout_basic, mainiacjoe_overflow_catwalk, nicolae_shop_vocational,
          uniq_prince_ribbit1
D:6:      layout_loops_ring
D:7:      layout_basic, mainiacjoe_overflow_24_doors,
          minmay_temple_entry_statues_pillars, serial_shops, shop,
          grunt_decor_clamped
D:8:      layout_cave_pools, kennysheep_cluttered_room
D:9:      layout_loops_ring, mainiacjoe_overflow_chevrons, david_lair_shrubbed,
          uniq_erica, uniq_grum
Lair:1:   layout_cave_pods, disabler_island, lemuel_fruit_fields,
          grunt_megastairs_5
Lair:2:   layout_roguey, nicolae_swamp_entry_splash_gauntlet,
          spider_nest_entry_a, gauntlet_entry_generic, grunt_megastairs_1,
          lemuel_fruit_fields, uniq_maggie
Lair:3:   layout_hall_layers
Lair:4:   layout_loops_ring
Lair:5:   wormcave, layout_regular_city, nicolae_slime_entry_field_trip,
          lemuel_fruit_tree, lemuel_fruit_fields, serial_bayou_shore_a,
          uniq_josephine

Skill      XL: |  1  2  3  4  5  6  7  8  9 10 11 12 |
---------------+-------------------------------------+-----
Stealth        | 3 4 5 6 7 8 9 |  9.1
Dodging        | 3 4 5 6 7 |  7.8
Conjurations   | 2 3 4 5 6 |  6.8
Translocations | 2 3 4 5 6 |  6.7
Spellcasting   | 5 6 7 8 9 |  9.1
Summonings     | 2 3 4 5 6 |  6.6
Hexes          | 2 4 6 10 | 10.2
Poison Magic   | 2 3 5 6 |  6.0
Air Magic      | 1 2 5 6 |  6.0
Short Blades   | 1 6 8 |  8.9
Long Blades    | 1 |  1.7
Necromancy     | 1 7 |  7.5

Action                     |  1- 3 |  4- 6 |  7- 9 | 10-12 || total
---------------------------+-------+-------+-------+-------++-------
  Melee: Dagger            |     2 |     4 |   182 |   340 ||   528
         Short sword       |     8 |    84 |    34 |       ||   126
         Punch             |       |     2 |     1 |     5 ||     8
  Throw: Dart              |       |       |       |    13 ||    13
         Throwing net      |       |       |       |     1 ||     1
   Cast: Magic Dart        |   125 |   153 |   134 |   126 ||   538
         Blink             |       |     4 |    23 |    21 ||    48
         Call Imp          |       |     4 |     7 |    30 ||    41
         Slow              |       |     2 |     4 |     4 ||    10
         Call Canine Famil |       |       |    28 |    88 ||   116
         Mephitic Cloud    |       |       |     2 |    27 ||    29
         Confusing Touch   |       |       |       |    21 ||    21
         Vampiric Draining |       |       |       |     3 ||     3
 Invoke: Potion Petition   |       |       |       |     1 ||     1
  Evoke: Wand              |       |       |     9 |     6 ||    15
    Use: Potion            |     2 |    10 |     6 |     1 ||    19
         Scroll            |     5 |    10 |     6 |    11 ||    32
   Stab: Sleeping          |       |     4 |    10 |     9 ||    23
         Invisible         |       |       |     5 |       ||     5
         Distracted        |       |       |     3 |     5 ||     8
         Confused          |       |       |     1 |    18 ||    19
 Armour: Robe              |     8 |    22 |    54 |    68 ||   152
         Skin              |       |     8 |       |       ||     8
  Dodge: Dodged            |    36 |    96 |   193 |   212 ||   537
